 Dungeon Crawl Stone Soup version 0.27-a0-1591-gc56fcc985a (webtiles) character file.

Game seed: 4323679789441785436

23 Sin92 the Skirmisher (level 2, -7/24 HPs)
             Began as a Demonspawn Fighter on July 19, 2021.
             Mangled by a gnoll (8 damage)
             ... on level 2 of the Dungeon.
             The game lasted 00:00:27 (1103 turns).

Sin92 the Skirmisher (Demonspawn Fighter)           Turns: 1103, Time: 00:00:27

Health: -7/24      AC:  6    Str: 16    XL:     2   Next: 72%
Magic:  2/2        EV:  6    Int:  9    God:
Gold:   91         SH:  8    Dex: 12    Spells: 1/1 levels left

rFire    . . .     SeeInvis .   a - +0 trident
rCold    . . .     Faith    .   c - +0 kite shield
rNeg     . . .     Spirit   .   b - +0 scale mail
rPois    .         Reflect  .   (no helmet)
rElec    .         Harm     .   (no cloak)
rCorr    .         Rampage  .   (no gloves)
Will     .....                  (no boots)
Stlth    ..........             (no amulet)
HPRegen  0.08/turn              (no ring)
MPRegen  0.08/turn              (no ring)

@: no status effects
A: claws 1
a: no special abilities


You were on level 2 of the Dungeon.
You visited 1 branch of the dungeon, and saw 2 of its levels.

You collected 91 gold pieces.

Inventory:

Hand Weapons
 a - a +0 trident (weapon)
Armour
 b - a +0 scale mail (worn)
 c - a +0 kite shield (worn)
Jewellery
 e - a ring of protection from cold
Scrolls
 f - a scroll of summoning {unknown}
 h - a scroll of vulnerability {unknown}
Potions
 d - 2 potions of might
 g - 2 potions of haste {unknown}
 i - a potion of curing {unknown}


   Skills:
 + Level 3.2 Fighting
 + Level 2.1 Polearms
 + Level 3.0 Armour
 + Level 3.0 Shields


You had one spell level left.
You didn't know any spells.
Your spell library was empty.

Dungeon Overview and Level Annotations

Branches:
Dungeon (2/15)

Altars:


Innate Abilities, Weirdness & Mutations

You have sharp fingernails.


Message History

Found 13 gold pieces.
You now have 91 gold pieces (gained 13).
Found an orange potion.
i - an orange potion No target in view!
A gnoll comes into view. It is wielding a +0 halberd.
Unknown command.
Unknown command.
A gnoll is nearby!
Unknown command.
A gnoll is nearby!
The gnoll hits you from afar with a +0 halberd!
You reach to attack!
You hit the gnoll.
The gnoll is moderately wounded.
The gnoll hits you from afar with a +0 halberd.
The gnoll barely misses you.
Unknown command.
A gnoll is nearby!
You reach to attack!
You hit the gnoll.
The gnoll is severely wounded.
You block the gnoll's attack.
Unknown command.
A gnoll is nearby!
You reach to attack!
You hit the gnoll but do no damage.
The gnoll is severely wounded.
The gnoll hits you from afar with a +0 halberd.
The gnoll hits you from afar with a +0 halberd!
* * * LOW HITPOINT WARNING * * *
Unknown command.
A gnoll is nearby!
You are too injured to fight recklessly!
A gnoll is nearby!
You are too injured to fight recklessly!
Unknown command.
A gnoll is nearby!
You are too injured to fight recklessly!
Unknown command.
A gnoll is nearby!
The gnoll hits you with a +0 halberd!
You die...

#### #.. #.#
###.######.#
#.....@g...#
#.#######..#
#.# #
#.#.###.#
#.......#
#######.#
#.#
#.#######
###........


You could see a gnoll.

Vanquished Creatures
  A worm (D:2)
  A dart slug (D:1)
  2 bats (D:1)
  A hobgoblin (D:1)
  3 quokkas (D:1)
  2 ball pythons (D:1)
  4 frilled lizards (D:1)
  2 goblins (D:1)
  2 kobolds (D:1)
  2 rats (D:1)
20 creatures vanquished.

Notes
Turn   | Place    | Note
-------+----------+-------------------------------------------
     0 | D:1      | Sin92 the Demonspawn Fighter began the quest for the Orb.
     0 | D:1      | Reached XP level 1. HP: 18/18 MP: 1/1
   167 | D:1      | Gained mutation: You have sharp fingernails. [demonic
                  | ancestry]
   167 | D:1      | Reached XP level 2. HP: 20/24 MP: 2/2
   287 | D:1      | Found a faded altar of an unknown god.
  1102 | D:2      | HP: 1/24 [gnoll (9)]
  1103 | D:2      | Mangled by a gnoll

Illustrated notes

Levels and vault maps discovered:
D:1:      heliophobic_arrival_enchanted_forest, layout_basic,
          basic_ecumenical_altar, item_on_display_a
D:2:      cheibrodos_old_hovel, layout_loops_ring, basic_altar

Skill      XL: |  1  2 |
---------------+-------+-----
Polearms       | 2 |  2.1
Shields        | 3 |  3.0
Armour         | 3 |  3.0
Fighting       | |  3.2

Action                   || total
-------------------------++-------
Melee: Trident           ||    71
Armor: Scale mail        ||    26
Dodge: Dodged            ||    18
Block: Kite shield       ||    28

Table legend: (Time is in decaauts)
 A = Elapsed time spent in this place.
 B = Non-inter-level travel time spent in this place.
 C = Inter-level travel time spent in this place.
 D = Time resting spent in this place.
 E = Time spent auto-exploring this place.
 F = Levels seen in this place.
 G = Mean time per level.
                   A        B        C        D        E       F      G
               +--------+--------+--------+--------+--------+-----+--------+
         Total |   1134 |   1122 |     12 |      0 |    963 |   2 |  567.0 |
       Dungeon |   1134 |   1122 |     12 |      0 |    963 |   2 |  567.0 |
               +--------+--------+--------+--------+--------+-----+--------+

Top non-repeatable levels by time:
     D:1: 933 daAuts
     D:2: 201 daAuts
